 Dungeon Crawl Stone Soup version 0.17-a0-1642-gd4b747b (webtiles) character file.

18637 Murumi the Blocker (level 12, 0/145 HPs)
             Began as a Formicid Fighter on Aug 8, 2015.
             Was an Elder of the Shining One.
             Killed from afar by a tengu reaver (39 damage)
             ... with a fireball
             ... on level 12 of the Dungeon.
             The game lasted 01:23:50 (13667 turns).

Murumi the Blocker (Formicid Fighter)              Turns: 13667, Time: 01:23:50

Health: 0/145      AC: 26    Str: 26    XL:     12   Next: 97%
Magic:  19/19      EV:  2    Int:  8    God:    the Shining One [****..]
Gold:   1155       SH: 22    Dex: 10    Spells: 0 memorised, 11 levels left

rFire  . . .     SeeInvis .     a - +1 scimitar (flame)
rCold  + . .     Clarity  .     (armour currently unavailable)
rNeg   + + +     SustAt   .     c - +0 shield
rPois  +         Gourm    .     (helmet unavailable)
rElec  .         Spirit   .     (cloak currently unavailable)
rCorr  .         Warding  .     (gloves currently unavailable)
rMut   .         Stasis   +     (boots currently unavailable)
MR     +....                    (no amulet)
Stlth  +.........               t - ring of protection from cold
                                y - +4 ring of slaying

@: divine shield, tree-form, glowing, somewhat resistant to hostile
enchantments, very unstealthy
A: permanent stasis, dig shafts and tunnels, four strong arms, (antennae 0),
(poison resistance)
a: Divine Shield, Cleansing Flame, Renounce Religion


You were on level 12 of the Dungeon.
You worshipped the Shining One.
The Shining One was greatly pleased with you.
You were hungry.
You were a tree.
You visited 3 branches of the dungeon, and saw 16 of its levels.

You collected 1781 gold pieces.
You spent 626 gold pieces at shops.

Inventory:

Hand weapons
 a - a +1 scimitar of flaming (weapon)
 d - a +0 hand crossbow of freezing
Missiles
 r - 7 bolts
 s - 8 bolts of flame
Armour
 c - a +0 shield (worn)
 k - a +1 pair of gloves (melded)
 B - a +0 plate armour of cold resistance (melded)
 D - a +2 cloak (melded)
Jewellery
 n - an uncursed ring of wizardry
 t - a ring of protection from cold (right branch)
 y - a +4 ring of slaying (left branch)
Magical devices
 C - a wand of fire (3)
Scrolls
 b - a scroll of magic mapping
 f - 2 scrolls of amnesia
 h - a scroll of recharging
 l - a scroll of holy word
 o - a scroll of fear
 A - 4 scrolls of identify
Potions
 g - 4 potions of magic
 j - 2 potions of ambrosia
 m - a potion of curing
Comestibles
 e - 7 bread rations
 i - 6 meat rations
 p - a royal jelly
 v - 16 fruits
 x - 8 slices of pizza
 z - a beef jerky


   Skills:
 - Level 10.0 Fighting
 - Level 7.0 Long Blades
 - Level 7.0 Crossbows
 - Level 8.0 Armour
 - Level 7.0 Dodging
 - Level 11.0 Shields
 + Level 10.2 Invocations


You had 11 spell levels left.
You didn't know any spells.

Dungeon Overview and Level Annotations

Branches:
Dungeon (13/15)            Temple (1/1) D:4             Orc (3/4) D:9
    Elf (0/3) Orc:3
   Lair: D:8-11      Vaults: D:13-14

Altars:
Ashenzari
Cheibriados
Dithmenos
Elyvilon
Fedhas
Gozag
Kikubaaqudgha
Makhleb
Nemelex Xobeh
Okawaru
Qazlal
Ru
Sif Muna
Trog
Vehumet
Xom
Yredelemnul
Zin
The Shining One

Shops:
D:4 [   D:6 ?   D:8 (   Orc:1 *!:!=   Orc:3 %

Annotations:
D:7 1 runed door


Innate Abilities, Weirdness & Mutations

You are under a permanent stasis effect.
You can dig through walls and to a lower floor.
Your four strong arms can wield two-handed weapons with a shield.
((You have a pair of large antennae on your head (SInv).))
((Your system is resistant to poisons.))


Message History

The tengu reaver blocks your attack.
The tengu reaver is heavily wounded.
The tengu reaver blocks your attack.
The tengu reaver is heavily wounded.
The tengu reaver hits you but does no damage.
You block the tengu reaver's attack.
The tengu reaver claws you but does no damage.
You slice the tengu reaver!! You burn the tengu reaver!
The tengu reaver is almost dead.
The tengu reaver gestures at you while chanting.
Helpless, you fail to dodge the bolt of magma.
* * * LOW HITPOINT WARNING * * *
You are too injured to fight recklessly!
Drink which item? (? for menu, Esc to quit)
Okay, then.
The tengu reaver blocks your attack.
The tengu reaver is almost dead.
The tengu reaver casts a spell at you.
The fireball explodes!
The fireball engulfs you!
You die...

#..Q..≈≈≈≈##. #
##{C..≈≈≈≈≈# #
#)....≈≈≈≈# #
#......≈≈≈########
##......≈≈≈≈≈≈≈≈≈≈
##.......≈≈≈≈≈≈≈≈≈
##{#........≈≈≈≈≈≈≈
#Q###.........≈≈≈..
##♣####............
### ####.........
##########


You could see a tengu reaver.

Vanquished Creatures
  A frost giant (D:12)
  2 hydras
  Erica (D:8)
  Nergalle (Orc:1)
  A skeletal warrior (D:12)
  An orc knight (Orc:3)
  A manticore (D:12)
  An ugly thing (D:12)
  4 cyclopes (D:12)
  Maurice (D:10)
  Joseph (D:8)
  The ghost of maniek23 the Shield-Bearer, an experienced MiFi of Ru (D:5)
  A gargoyle (D:12)
  Grinder (D:6)
  Sigmund (D:6)
  12 yaks
  A basilisk (D:12)
  Menkaure (D:4)
  Edmund (D:5)
  Duvessa (D:5)
  2 ice beasts
  A phantom (D:8)
  3 sky beasts
  9 ogres
  15 orc warriors
  A black bear (D:10)
  A crocodile (D:8)
  2 centaurs
  3 big kobolds (D:8)
  An elf zombie (D:10)
  5 giant frogs
  2 gnoll sergeants
  Dowan (D:5)
  13 killer bees
  A scorpion (D:7)
  2 electric eels (D:12)
  11 wights
  3 crimson imps
  4 hounds
  4 human zombies (D:10)
  2 centaur skeletons
  A giant frog skeleton (D:9)
  21 orc priests
  Ijyb (D:2)
  30 orc wizards
  2 iguanas
  5 worker ants
  3 human skeletons (D:10)
  Natasha (thrice) (D:2)
  A killer bee zombie (D:8)
  7 sheep
  A hound skeleton (D:4)
  2 mummies (D:10)
  A worker ant zombie (D:8)
  10 gnolls
  6 adders
  A shadow imp (D:6)
  2 adder zombies
  3 worms
  5 giant geckos
  119 orcs
  2 ball pythons
  5 bats
  6 giant cockroaches
  9 goblins
  4 hobgoblins
  4 jackals (D:7)
  7 kobolds
  5 quokkas
  6 giant newts
  An orc zombie (D:10)
  A quokka zombie (D:8)
  8 rats
403 creatures vanquished.

Vanquished Creatures (others)
  A plant (D:8)
1 creature vanquished.

Grand Total: 404 creatures vanquished

Notes
Turn   | Place    | Note
--------------------------------------------------------------
     0 | D:1      | Murumi the Formicid Fighter began the quest for the Orb.
     0 | D:1      | Reached XP level 1. HP: 18/18 MP: 1/1
   111 | D:1      | Reached skill level 4 in Shields
   135 | D:1      | Reached XP level 2. HP: 24/24 MP: 2/2
   140 | D:1      | Reached skill level 1 in Dodging
   597 | D:1      | Reached XP level 3. HP: 27/29 MP: 3/3
  1018 | D:2      | Noticed Natasha
  1034 | D:2      | Killed Natasha
  1034 | D:2      | Reached XP level 4. HP: 3/37 MP: 4/4
  1554 | D:2      | Noticed Natasha
  1562 | D:2      | Killed Natasha
  1795 | D:2      | Noticed Natasha
  1799 | D:2      | Killed Natasha
  1806 | D:2      | Noticed Ijyb
  1838 | D:2      | Killed Ijyb
  1838 | D:2      | Reached skill level 5 in Fighting
  1838 | D:2      | Reached XP level 5. HP: 33/44 MP: 5/5
  2001 | D:3      | Found an ancient bone altar of Kikubaaqudgha.
  2073 | D:3      | Found a white marble altar of Elyvilon.
  2482 | D:3      | Reached XP level 6. HP: 19/51 MP: 6/6
  2745 | D:3      | Found a snail-covered altar of Cheibriados.
  2831 | D:3      | Found a glowing golden altar of the Shining One.
  2835 | D:3      | Became a worshipper of the Shining One
  3114 | D:4      | Found a glowing silver altar of Zin.
  3114 | D:4      | Noticed an angel
  3155 | D:4      | Found a shimmering altar of Xom.
  3193 | D:4      | Noticed Menkaure
  3214 | D:4      | Killed Menkaure
  3214 | D:4      | Reached skill level 5 in Shields
  3311 | D:4      | Found Qiteett's Antique Armour Shop.
  3440 | D:4      | Reached XP level 7. HP: 52/56 MP: 7/7
  3860 | D:4      | Found a staircase to the Ecumenical Temple.
  3880 | Temple   | Entered the Ecumenical Temple
  4229 | D:5      | Entered Level 5 of the Dungeon
  4229 | D:5      | Noticed Edmund
  4249 | D:5      | Killed Edmund
  4249 | D:5      | Reached skill level 6 in Shields
  4327 | D:5      | Noticed Dowan
  4329 | D:5      | Noticed Duvessa
  4350 | D:5      | Killed Duvessa
  4350 | D:5      | Reached skill level 7 in Shields
  4373 | D:5      | Killed Dowan
  4478 | D:5      | Noticed maniek23's ghost (experienced MiFi)
  4686 | D:5      | Killed maniek23's ghost
  4686 | D:5      | Reached XP level 8. HP: 62/62 MP: 8/8
  4934 | D:5      | Reached skill level 5 in Dodging
  5285 | D:6      | Reached skill level 5 in Armour
  5354 | D:6      | Noticed Grinder
  5387 | D:6      | Killed Grinder
  5387 | D:6      | Reached XP level 9. HP: 23/68 MP: 9/9
  5683 | D:6      | Noticed Sigmund
  5703 | D:6      | Killed Sigmund
  5792 | D:6      | Acquired the Shining One's first power
  5945 | D:6      | Found Vinkuj's Magic Scroll Shoppe.
  5953 | D:6      | Bought a scroll of identify for 22 gold pieces
  5955 | D:6      | Bought a scroll of fear for 38 gold pieces
  5955 | D:6      | Bought a scroll of holy word for 82 gold pieces
  6157 | D:7      | Reached skill level 5 in Invocations
  6206 | D:6      | Bought a scroll of remove curse for 33 gold pieces
  6344 | D:7      | Reached skill level 8 in Shields
  7185 | D:7      | Found a glowing golden altar of the Shining One.
  7185 | D:7      | Noticed an angel
  7186 | D:7      | Found a runed door.
  7372 | D:8      | Reached XP level 10. HP: 74/76 MP: 15/15
  7468 | D:8      | Acquired the Shining One's second power
  7610 | D:8      | Found Dugraxaf's Antique Weapon Shop.
  7618 | D:8      | Bought a hand crossbow for 101 gold pieces
  7635 | D:8      | Reached skill level 1 in Crossbows
  7675 | D:8      | Noticed a three-headed hydra
  8169 | D:8      | Noticed Joseph
  8205 | D:8      | Killed Joseph
  8274 | D:8      | Killed a one-headed hydra
  8299 | D:8      | Reached skill level 9 in Fighting
  8510 | D:8      | Reached skill level 5 in Long Blades
  8560 | D:8      | Noticed Erica
  8591 | D:8      | Killed Erica
  8591 | D:8      | Reached skill level 5 in Crossbows
  8591 | D:8      | Reached XP level 11. HP: 67/89 MP: 14/16
  8956 | D:9      | Found a staircase to the Orcish Mines.
  9053 | D:9      | Found a sparkling altar of Nemelex Xobeh.
  9698 | Orc:1    | Entered Level 1 of the Orcish Mines
  9698 | Orc:1    | Found Ilyimuk's Distillery.
  9889 | Orc:1    | Noticed Nergalle
  9934 | Orc:1    | Killed Nergalle
  9972 | Orc:1    | Found Ebbeschy's General Store.
 10034 | Orc:1    | Found Ymaim's Distillery.
 10117 | Orc:1    | Bought a potion of beneficial mutation for 350 gold pieces
 10117 | Orc:1    | Gained mutation: Your system is resistant to poisons. [potion of beneficial mutation]
 10363 | Orc:1    | Found Manosh's Book Emporium.
 11000 | Orc:1    | Found Hemah's Jewellery Emporium.
 11148 | Orc:1    | You fall through a shaft!
 11224 | Orc:3    | Found a staircase to the Elven Halls.
 11422 | Orc:3    | Noticed an orc knight
 11441 | Orc:3    | Killed an orc knight
 11441 | Orc:3    | Reached skill level 10 in Shields
 11549 | Orc:3    | Found Yluxteb's Food Shoppe.
 11564 | Orc:3    | Acquired the Shining One's third power
 12134 | D:10     | Entered Level 10 of the Dungeon
 12248 | D:10     | Reached skill level 11 in Shields
 12255 | D:10     | Found an ancient bone altar of Kikubaaqudgha.
 12290 | D:10     | Reached XP level 12. HP: 95/95 MP: 18/18
 12319 | D:10     | Noticed Maurice
 12330 | D:10     | Killed Maurice
 12444 | D:10     | You fall through a shaft for 3 floors!
 12529 | D:13     | Acquired the Shining One's fourth power
 12619 | D:12     | Noticed a five-headed hydra
 12630 | D:12     | Killed a one-headed hydra
 12634 | D:12     | Reached skill level 10 in Fighting
 12640 | D:12     | Found a blossoming altar of Fedhas.
 13580 | D:12     | Noticed a skeletal warrior
 13604 | D:12     | Killed a skeletal warrior
 13616 | D:12     | Noticed a frost giant
 13619 | D:12     | Noticed an ettin
 13626 | D:12     | Noticed an ettin
 13627 | D:12     | Noticed a tengu reaver
 13654 | D:12     | Killed a frost giant
 13654 | D:12     | Reached skill level 10 in Invocations
 13667 | D:12     | Killed from afar by a tengu reaver

Vault maps used:
D:1:      kilobyte_arrival_exit_the_forest
D:2:      first_bread, uniq_iyjb, uniq_natasha
D:3:      nicolae_overflow_quartered_altars
D:4:      grunt_temple_overflow_order_and_chaos_1, minmay_temple_entry_fiery,
          serial_shops, shop, minmay_strange_pillars, uniq_menkaure
D:5:      uniq_edmund, uniq_duvessa
D:6:      serial_shops, shop, grunt_decor_clamped, uniq_grinder, uniq_sigmund
D:7:      lemuel_angel_altar
D:8:      serial_shops, shop, hangedman_ranch, minmay_crystal_room, uniq_joseph,
          uniq_erica
D:9:      nemelex_deck, orc_0_dummy
D:10:     lemuel_mausoleum_altar_kikubaaqudgha, uniq_maurice, uniq_psyche
D:12:     cross_vault, minivault_26, fedhas_bush_and_centaur_altar, uniq_fannar
D:13:     wad_mini_maze
Temple:   circular_temple_12
Orc:1:    serial_shops, nicolae_shop_crystal, shop, shop_fountains, shop, shop,
          uniq_nergalle
Orc:3:    serial_shops, nicolae_shop_trees, nicolae_orc_pool_cavern

Action                   |  1- 3 |  4- 6 |  7- 9 | 10-12 || total
-------------------------+-------+-------+-------+-------++-------
Melee: Long sword        |   109 |   167 |   382 |   145 ||   803
       Falchion          |       |       |       |     3 ||     3
       Scimitar          |       |       |       |   637 ||   637
 Fire: Hand crossbow     |       |       |       |    32 ||    32
Invok: Divine Shield     |       |       |       |    12 ||    12
 Abil: Dig               |       |     2 |     7 |    18 ||    27
  Use: Scroll            |     7 |     7 |     6 |     5 ||    25
       Potion            |     1 |     2 |     2 |     4 ||     9
  Eat: Chunk             |     1 |     7 |    10 |    22 ||    40
       Meat ration       |       |       |     1 |       ||     1
       Beef jerky        |       |       |       |     1 ||     1
